 Dungeon Crawl Stone Soup version 0.21.1-1-g345015f (webtiles) character file.

280 thaumaturge770 the Digger (level 6, -2/47 HPs)
             Began as a Draconian Earth Elementalist on June 26, 2018.
             Killed from afar by an orc wizard (6 damage)
             ... with a puff of flame
             ... on level 4 of the Dungeon.
             The game lasted 00:42:50 (3885 turns).

thaumaturge770 the Digger (DrEE)                    Turns: 3885, Time: 00:42:51

Health: -2/47      AC:  6    Str: 11    XL:     6   Next: 5%
Magic:  11/11      EV: 12    Int: 16    God:
Gold:   125        SH:  0    Dex: 12    Spells: 8/11 levels left

rFire    + . .     SeeInvis .   e - +1 short sword
rCold    + . .     Gourm    .   (no shield)
rNeg     . . .     Faith    .   (armour unavailable)
rPois    +         Spirit   .   (helmet restricted)
rElec    +         Reflect  .   (no cloak)
rCorr    +         Harm     .   (no gloves)
MR       .....                  (no boots)
Stlth    ++........             (no amulet)
HPRegen  0.15/turn              (no ring)
MPRegen  0.12/turn              (no ring)

@: about to teleport, resistant, drained
A: unfitting armour, cold-blooded, AC +6
a: no special abilities


You were on level 4 of the Dungeon.
You were not hungry.

You visited 1 branch of the dungeon, and saw 4 of its levels.

You collected 125 gold pieces.

Inventory:

Hand Weapons
 a - a +0 dagger
 b - a +0 club
 e - a +1 short sword (weapon)
 f - a +0 short sword
 h - a cursed -1 club
 l - a +0 club
 m - a +0 hunting sling
 p - a +3 quarterstaff of chaos
 q - a +2 short sword of holy wrath
 r - a +0 hand axe
 t - a +0 short sword
 x - a cursed +0 hunting sling
 y - a +0 hand axe
 A - a +0 mace
 B - a +0 whip
 C - a +0 whip
 D - a +0 war axe
 G - a +0 flail
 I - a +0 mace
Missiles
 g - 13 poisoned needles
 k - 6 tomahawks (quivered)
 w - 7 needles of confusion
Armour
 j - a +0 robe
 E - a cursed +0 pair of gloves
 H - a +0 cloak
Scrolls
 i - 4 scrolls of teleportation
 n - 2 scrolls of identify
 o - a scroll of remove curse
 s - a scroll of fog {unknown}
 v - a scroll of fear {unknown}
 z - a scroll of blinking {unknown}
Books
 d - a book of Geomancy

   Spells                             Type                      Level
   a - Sandblast                      Earth                        1
   b - Passwall                       Transmutation/Earth          2
   c - Stone Arrow                    Conjuration/Earth            3
   d - Petrify                        Transmutation/Earth          4
   e - Lee's Rapid Deconstruction     Earth                        5
Comestibles
 c - 4 rations


   Skills:
 + Level 1.2(1.1) Fighting
 + Level 1.6(1.4) Short Blades
 + Level 1.2(1.0) Throwing
 + Level 2.3(2.1) Dodging
 + Level 2.3(2.1) Stealth
 + Level 0.1(0.0) Unarmed Combat
 + Level 3.4(3.2) Spellcasting
 + Level 1.0(0.8) Transmutations
 + Level 4.6(4.4) Earth Magic


You had 8 spell levels left.
You knew the following spells:

 Your Spells              Type           Power        Failure   Level  Hunger
a - Sandblast             Erth           ###...       3%          1    None
b - Passwall              Tmut/Erth      ##........   10%         2    ##.....


Dungeon Overview and Level Annotations

Branches:
Dungeon (4/15)
 Temple: D:4-7

Altars:
Trog


Innate Abilities, Weirdness & Mutations

Your plain brown scales are hard. (AC +6)
You cannot fit into any form of body armour.
You are cold-blooded and may be slowed by cold attacks.


Message History

* * * LOW HITPOINT WARNING * * *
It was a potion of resistance.
You feel protected. The orc barely misses you. Something barely misses you.
As you read the scroll of teleportation, it crumbles to dust.
You feel strangely unstable. The orc barely misses you. Something hits you.
* * * LOW HITPOINT WARNING * * *
Unknown command.
You hit the orc but do no damage.
The orc is almost dead.
The orc hits you but does no damage. The orc closely misses you.
Something hits you.
* * * LOW HITPOINT WARNING * * *
You closely miss the orc.
The orc is almost dead.
The orc barely misses you. x2
You hear some strange, mumbled words.
A puff of flame appears from out of thin air!
The puff of flame hits you! You resist.
You die...

...#....##o#....#
#####.# ##
#######o#....#
#.# #{#....## #.#
#.'.....### #.#
###)......# #(#
#.......# #.#
#.......# #.#
#{o...### #.#
#@o5..# #####.#
#####.#####.....#
#....##.#####
####.##.# #.##.#
#####.##.#
#........#
#.####.### #.#


You could see a crimson imp and 2 orcs.

Vanquished Creatures
  A bullfrog (D:3)
  Crazy Yiuf (D:3)
  A howler monkey zombie (D:3)
  7 adders
  An ooze (D:3)
  3 worms
  2 dart slugs
  4 leopard geckos
  9 orcs
  8 bats
  2 giant cockroaches (D:3)
  6 hobgoblins
  A jackal (D:1)
  9 kobolds
  A quokka (D:3)
  5 ball pythons
  3 frilled lizards
  6 goblins
  16 rats
86 creatures vanquished.

Vanquished Creatures (others)
  A wizard (D:3)
1 creature vanquished.

Grand Total: 87 creatures vanquished

Notes
Turn   | Place    | Note
-------+----------+-------------------------------------------
     0 | D:1      | thaumaturge770 the Draconian Earth Elementalist began the quest for the Orb.
     0 | D:1      | Reached XP level 1. HP: 14/14 MP: 3/3
   176 | D:1      | Reached XP level 2. HP: 20/20 MP: 3/5
   661 | D:1      | Learned a level 2 spell: Passwall
   991 | D:1      | Reached XP level 3. HP: 26/26 MP: 4/6
  1448 | D:2      | Reached skill level 1 in Throwing
  1650 | D:2      | Reached XP level 4. HP: 33/33 MP: 4/8
  1811 | D:3      | Reached skill level 4 in Earth Magic
  2526 | D:3      | Reached XP level 5. HP: 36/38 MP: 9/9
  2766 | D:3      | Found a bloodstained altar of Trog.
  2769 | D:3      | Noticed a wizard
  2774 | D:3      | Killed a wizard
  2829 | D:3      | Reached skill level 1 in Short Blades
  2911 | D:3      | Reached skill level 1 in Fighting
  3298 | D:3      | Found a runed door.
  3302 | D:3      | Noticed Crazy Yiuf
  3309 | D:3      | HP: 1/40 [Crazy Yiuf/quarterstaff of chaos (2)]
  3311 | D:3      | Killed Crazy Yiuf
  3311 | D:3      | Reached XP level 6. HP: 1/47 MP: 11/11
  3885 | D:4      | Killed from afar by an orc wizard

Skill      XL: |  1  2  3  4  5 |
---------------+----------------+-----
Stealth        | 2 |  2.3
Dodging        | 2 |  2.3
Throwing       | 1 |  1.2
Earth Magic    | 4 |  4.6
Spellcasting   | 3 |  3.4
Short Blades   | 1 |  1.6
Fighting       | 1 |  1.2
Unarmed Combat | |  0.1
Transmutations | |  1.0

Action                   |  1- 3 |  4- 6 || total
-------------------------+-------+-------++-------
Melee: Short sword       |    44 |   189 ||   233
       Unarmed           |     8 |       ||     8
       Tailslap          |     5 |    13 ||    18
Throw: Stone             |    30 |    11 ||    41
       Tomahawk          |       |    23 ||    23
 Cast: Sandblast         |    45 |    22 ||    67
  Use: Scroll            |     4 |     1 ||     5
       Potion            |     6 |     2 ||     8
 Stab: Sleeping          |       |     1 ||     1
  Eat: Chunk             |     3 |     2 ||     5
       Ration            |       |     2 ||     2
Armor: Skin              |    26 |    68 ||    94
Dodge: Dodged            |    56 |   126 ||   182
